 Seeded DCSS version 0.29-a0-885-gb26ba3297d (webtiles) character file.

Game seed: 8897551386731462229 (custom seed)

12 wilfster70 the Ducker (level 2, 20/21 HPs)
             Began as an Octopode Fighter on July 20, 2022.
             Quit the game on level 1 of the Dungeon.
             The game lasted 00:01:17 (535 turns).

wilfster70 the Ducker (Octopode Fighter)             Turns: 535, Time: 00:01:18

Health: 20/21      AC:  1    Str: 15    XL:     2   Next: 33%
Magic:  2/2        EV: 13    Int: 10    God:
Gold:   26         SH:  4    Dex: 11    Spells: 1/1 levels left

rFire   . . .      SeeInvis .   a - +0 war axe
rCold   . . .      Faith    .   b - +0 buckler
rNeg    . . .      Spirit   .   (helmet restricted)
rPois   .          Reflect  .   (no amulet)
rElec   .          Harm     .   (no ring)
rCorr   .          Rampage  .   (no ring)
Will    .....                   (no ring)
Stlth   ++........              (no ring)
HPRegen 0.07/turn               (no ring)
MPRegen 0.08/turn               (no ring)
                                (no ring)
                                (no ring)

@: no status effects
A: almost no armour, amphibious, 8 rings, camouflage 1, gelatinous body 1,
(nimble swimmer 1), tentacles
a: no special abilities


You were on level 1 of the Dungeon.
You visited 1 branch of the dungeon, and saw 1 of its levels.

You collected 26 gold pieces.

Inventory:

Hand Weapons
 a - a +0 war axe (weapon)
Armour
 b - a +0 buckler (worn)
Potions
 c - a potion of might


   Skills:
 + Level 3.1 Fighting
 * Level 2.3 Axes
 + Level 3.1 Dodging
 + Level 3.1 Shields


You had one spell level left.
You didn't know any spells.
Your spell library was empty.

Dungeon Overview and Level Annotations

Branches:
Dungeon (1/15)

Altars:


Innate Abilities, Weirdness & Mutations

You cannot wear most types of armour.
You are amphibious.
You can wear up to eight rings at the same time.
Your skin changes colour to match your surroundings (Stealth+).
Your rubbery body absorbs attacks. (AC +1, EV +1)
((You are camouflaged when in or above water. (Stealth+)))
You have tentacles for arms and can constrict up to eight enemies at once.


Message History

You kill the goblin!
The dart slug briefly extends its eye-stalks.
You see here a +0 leather armour.
Found 7 stones.
The ball python hisses angrily.
The ball python bites you. The ball python grabs you.
The ball python constricts you. The ball python bites you.
The ball python constricts you.
You hit the ball python.
You kill the ball python!
The dart slug launches a dart at you. The slug dart hits you.
The dart slug misses you.
You hit the dart slug. You grab the dart slug.
The dart slug is moderately wounded.
You constrict the dart slug. The dart slug launches a dart at you.
The slug dart hits you.
You hit the dart slug.
The dart slug is almost dead.
You constrict the dart slug. The dart slug barely misses you.
You hit the dart slug but do no damage. You squeeze the dart slug.
You kill the dart slug!
You start resting.
HP restored.
You now have 16 gold pieces.
A goblin comes into view. It is wielding a +0 club.
You see here 10 gold pieces.
The goblin shouts!
The goblin hits you with a +0 club.
You closely miss the goblin. Your grab misses the goblin.
The goblin closely misses you.
You hit the goblin. Your grab misses the goblin.
The goblin is heavily wounded.
The goblin closely misses you. The goblin hits you but does no damage.
You hit the goblin.
You kill the goblin!
You see here a +0 club.
You now have 26 gold pieces (gained 10).
Are you sure you want to abandon this character and quit the game? (Confirm with "yes".)

#.# #.........##.#
#.........##.#### #
#.........##....# #
#.........##....###### #
#.........##....#....# #
#............)[.#...(# #
#...............#....#####
#........@...............#
#...).........###.†..##..
#########.....# ######
#.....# #.....# #######


There were no monsters in sight!

Vanquished Creatures
  A dart slug (D:1)
  A giant cockroach (D:1)
  4 goblins (D:1)
  A ball python (D:1)
  2 bats (D:1)
  A frilled lizard (D:1)
  A rat (D:1)
11 creatures vanquished.

Notes
Turn   | Place    | Note
-------+----------+-------------------------------------------
     0 | D:1      | wilfster70 the Octopode Fighter began the quest for the
                  | Orb.
     0 | D:1      | Reached XP level 1. HP: 16/16 MP: 1/1
   300 | D:1      | Reached XP level 2. HP: 21/21 MP: 2/2
   535 | D:1      | Quit the game

Illustrated notes

Levels and vault maps discovered:
D:1:      amcnicky_arrival_single_pillar, layout_basic

Action                   || total
-------------------------++-------
Melee: War axe           ||    20
       Constrict         ||     5
       Tentacles         ||     1
 Stab: Sleeping          ||     2
Armor: Skin              ||     4
Dodge: Dodged            ||    11
Block: Buckler           ||     4

Table legend: (Time is in decaauts)
 A = Elapsed time spent in this place.
 B = Non-inter-level travel time spent in this place.
 C = Inter-level travel time spent in this place.
 D = Time resting spent in this place.
 E = Time spent auto-exploring this place.
 F = Levels seen in this place.
 G = Mean time per level.
                   A        B        C        D        E       F      G
               +--------+--------+--------+--------+--------+-----+--------+
         Total |    543 |    543 |      0 |    188 |    205 |   1 |  543.0 |
       Dungeon |    543 |    543 |      0 |    188 |    205 |   1 |  543.0 |
               +--------+--------+--------+--------+--------+-----+--------+

Top non-repeatable levels by time:
     D:1: 543 daAuts
